 Dungeon Crawl Stone Soup version 0.20.0-10-g0535bb4 (webtiles) character file.

26 MDvedh the Cutter (level 3, -1/24 HPs)
             Began as a Halfling Skald on June 5, 2017.
             Slain by an adder (2 damage)
             ... on level 1 of the Dungeon.
             The game lasted 00:01:32 (1224 turns).

MDvedh the Cutter (Halfling Skald)                  Turns: 1224, Time: 00:01:33

Health: -1/24      AC:  3    Str: 12    XL:     3   Next: 22%
Magic:  5/5        EV: 14    Int: 16    God:
Gold:   45         SH:  0    Dex: 14    Spells: 4/5 levels left

rFire    . . .     SeeInvis .   a - +0 short sword
rCold    . . .     Gourm    .   (shield restricted)
rNeg     . . .     Faith    .   b - +0 leather armour
rPois    .         Spirit   .   (no helmet)
rElec    .         Reflect  .   (no cloak)
rCorr    .         Harm     .   (no gloves)
MR       .....     Clarity  +   (no boots)
Stlth    +.........             (no amulet)
Regen    0.1/turn               (no ring)
MPRegen  0.1/turn               (no ring)

@: brilliant, lethally poisoned (-1 -> -5)
A: clarity, mutation resistance 1
a: no special abilities


You were on level 1 of the Dungeon.
You were not hungry.

You visited 1 branch of the dungeon, and saw 2 of its levels.

You collected 45 gold pieces.

Inventory:

Hand Weapons
 a - a +0 short sword (weapon)
Armour
 b - a +0 leather armour (worn)
Jewellery
 i - a cursed ring of loudness {unknown}
 o - an uncursed amulet of rage {unknown}
Scrolls
 g - 2 scrolls of identify {unknown}
 h - a scroll of enchant armour {unknown}
 j - a scroll of remove curse {unknown}
 l - a scroll of random uselessness {unknown}
 n - a scroll of teleportation {unknown}
Potions
 f - a potion of might
Books
 c - a book of Battle

   Spells                             Type                      Level
   a - Infusion                       Charms                       1
   b - Shroud of Golubria             Charms/Translocation         2
   c - Song of Slaying                Charms                       2
   d - Spectral Weapon                Hexes/Charms                 3
   e - Regeneration                   Charms/Necromancy            3
Comestibles
 d - 2 bread rations


   Skills:
 - Level 1.7 Fighting
 + Level 4.2 Short Blades
 - Level 1.1 Armour
 - Level 2.1 Dodging
 - Level 1.5 Spellcasting
 - Level 3.2 Charms


You had 4 spell levels left.
You knew the following spells:

 Your Spells              Type           Power        Failure   Level  Hunger
a - Infusion              Chrm           ###.         1%          1    ##.....


Dungeon Overview and Level Annotations

Branches:
Dungeon (2/15)

Altars:

Annotations:
D:2 Sigmund


Innate Abilities, Weirdness & Mutations

You are small and have problems with some larger weapons.
You are somewhat resistant to further mutation.
You possess an exceptional clarity of mind.


Message History

The giant cockroach bites you but does no damage.
Unknown command.
You completely miss the adder.
The adder is almost dead.
* * * LOW HITPOINT WARNING * * *
You feel sick. The adder completely misses you. The giant cockroach misses you.
Unknown command.
It was a potion of brilliance.
You feel clever all of a sudden. The adder bites you but does no damage.
The giant cockroach bites you.
* * * LOW HITPOINT WARNING * * *
Sorry, you're not good enough to have a special ability.
It was a potion of mutation.
You feel extremely strange.
Your thoughts seem clearer.
The adder bites you.
* * * LOW HITPOINT WARNING * * *
The giant cockroach bites you.
* * * LOW HITPOINT WARNING * * *
The adder bites you.
You die...

#####.##### #...####...#.#######
#.# #...'...............
######+#######...####...#.#######
................## ##.##.#
....##.........## #....#
....#######...## #.#### ....#
##'## #.# .###########.#######
#.# ## #...........@S.# #.# #
#.######..#s##.# #.##### # #.#
###...#.##.# #.÷...###### #####.#
#.......##.# #.###....##. ......#
#.#.###############.#.#.. #######
#...#.#.#.#.#.#.#.#.)...⌠
####...............###...
#..........#......##...
##.......#.......######


You could see an adder and a giant cockroach.

Vanquished Creatures
  A leopard gecko (D:1)
  10 goblins
  3 hobgoblins (D:1)
  2 bats (D:1)
  2 frilled lizards (D:1)
  4 kobolds (D:1)
  3 rats (D:1)
25 creatures vanquished.

Notes
Turn   | Place    | Note
-------+----------+-------------------------------------------
     0 | D:1      | MDvedh the Halfling Skald began the quest for the Orb.
     0 | D:1      | Reached XP level 1. HP: 14/14 MP: 3/3
    69 | D:1      | Reached skill level 3 in Short Blades
    83 | D:1      | Reached XP level 2. HP: 7/19 MP: 4/4
   888 | D:1      | Reached XP level 3. HP: 23/24 MP: 5/5
   891 | D:1      | Reached skill level 4 in Short Blades
  1151 | D:2      | Noticed Sigmund
  1224 | D:1      | Gained mutation: You possess an exceptional clarity of mind. [potion of mutation]
  1224 | D:1      | HP: 1/24 [giant cockroach (1)]
  1224 | D:1      | Slain by an adder

Skill      XL: |  1  2  3 |
---------------+----------+-----
Short Blades   | 3 4 |  4.2
Fighting       | |  1.7
Armour         | |  1.1
Dodging        | |  2.1
Spellcasting   | |  1.5
Charms         | |  3.2

Action                   || total
-------------------------++-------
Melee: Short sword       ||    96
  Use: Potion            ||     2
 Stab: Sleeping          ||     1
  Eat: Chunk             ||     1
Armor: Leather armour    ||    22
Dodge: Dodged            ||    73
